 Dungeon Crawl Stone Soup version 0.28-a0-1395-g4f6bc678fa (webtiles) character file.

Game seed: 12040567222448013660

809 eustatius the Slinger (level 7, -6/48 HPs)
             Began as a Demonspawn Wanderer on Jan 5, 2022.
             Was an Initiate of Ru.
             Mangled by a hornet (16 damage)
             ... on level 4 of the Dungeon.
             The game lasted 00:24:18 (3887 turns).

eustatius the Slinger (Demonspawn Wanderer)         Turns: 3887, Time: 00:24:18

Health: -6/48      AC:  4    Str: 10    XL:     7   Next: 61%
Magic:  7/7        EV: 14    Int: 12    God:    Ru [......]
Gold:   149        SH:  0    Dex: 18    Spells: 6/6 levels left

rFire   . . .      SeeInvis .   a - +2 hunting sling
rCold   . . .      Faith    .   (no shield)
rNeg    . . .      Spirit   .   e - +0 robe
rPois   .          Reflect  .   (no helmet)
rElec   .          Harm     .   o - +0 cloak
rCorr   .          Rampage  .   d - +0 pair of gloves
Will    .....                   (no boots)
Stlth   ++........              k - amulet of regeneration
HPRegen 0.96/turn               (no ring)
MPRegen 0.10/turn               (no ring)

@: lethally poisoned (-6 -> -11), slowed, very slow
A: hooves 2, spiny 1
a: Renounce Religion


You were on level 4 of the Dungeon.
You worshipped Ru.
Ru was noncommittal.
You visited 1 branch of the dungeon, and saw 4 of its levels.

You collected 149 gold pieces.

Inventory:

Hand Weapons
 a - a +2 hunting sling (weapon)
 c - a +0 mace
 h - a +0 short sword
 w - a +0 giant spiked club
Missiles
 b - 11 sling bullets
 f - 27 stones (quivered ammo)
 s - 9 poisoned darts
Armour
 d - a +0 pair of gloves (worn)
 e - a +0 robe (worn)
 o - a +0 cloak (worn)
Magical Staves
 q - a staff of conjuration
Jewellery
 k - an amulet of regeneration (around neck)
 m - an amulet of faith
Scrolls
 g - 3 scrolls of teleportation {unknown}
 j - 2 scrolls of enchant weapon {unknown}
 l - a scroll of acquirement {unknown}
 n - 3 scrolls of identify {unknown}
 p - a scroll of fog {unknown}
 r - 2 scrolls of fear {unknown}
 u - a scroll of silence {unknown}
 v - a scroll of magic mapping {unknown}
 y - a scroll of enchant armour {unknown}
Potions
 i - a potion of ambrosia {unknown}
 t - a potion of curing {unknown}
 x - a potion of heal wounds {unknown}
 z - a potion of might {unknown}


   Skills:
 - Level 1.0 Fighting
 - Level 1.7 Maces & Flails
 + Level 8.3 Slings
 * Level 3.7 Dodging
 + Level 1.1 Stealth


You had 6 spell levels left.
You didn't know any spells.
Your spell library contained the following spells:

 Spells                   Type           Power      Damage    Failure   Level
 Foxfire                  Conj/Fire      0%         2x1d4     32%         1
 Conjure Flame            Conj/Fire      0%         6-21      69%         3
 Inner Flame              Hex/Fire       0%         N/A       69%         3
 Flame Wave               Conj/Fire      0%         2d4       97%         4


Dungeon Overview and Level Annotations

Branches:
Dungeon (4/15)             Temple (0/1) D:4

Altars:
Makhleb
Ru
Uskayaw
Yredelemnul


Innate Abilities, Weirdness & Mutations

You have hoof-like feet.
You are partially covered in sharp spines.


Message History

Press: ? - help, Q - select action, (/) - cycle Shift-Dir - straight line, f/p - quokka
Aim: a quokka (severely wounded, 58% to hit)
You shoot a stone. The stone hits the quokka.
You kill the quokka!
f - 27 stones (gained 2)
You see here a quokka corpse.
f - 28 stones (gained 1) Uskayaw booms out: "Revellers, it's time to dance!"
f - 29 stones (gained 1)
You see here a ball python corpse.
You hear an angry buzzing noise.
A hornet comes into view.
The hornet buzzes angrily.
The hornet is struck by your spines. The hornet stings you.
You feel yourself slow down.
There is an open door here.
The hornet is struck by your spines. The hornet stings you!
You feel as though you will be slow longer.
Fire: 29 stones
Press: ? - help, Q - select action, (/) - cycle Shift-Dir - straight line, f - hornet
Aim: a hornet (lightly wounded, 55% to hit)
You shoot a stone. The stone hits the hornet!
The hornet is heavily wounded.
The hornet closely misses you. The hornet is struck by your spines.
The hornet stings you!
You are poisoned.
You feel as though you will be slow longer.
Fire: 28 stones
Press: ? - help, Q - select action, (/) - cycle Shift-Dir - straight line, f/p - hornet
Aim: a hornet (heavily wounded, 55% to hit)
You shoot a stone. The stone closely misses the hornet.
You feel very sick. The hornet stings you!
* * * LOW HITPOINT WARNING * * *
You are more poisoned.
You feel as though you will be slow longer.
You don't know any spells.
You feel very sick. The hornet stings you!
You die...

#. #. ## ######## #. #.#
##..(...## #. #.# ##......... #(
#.##(.†....... #. ##.##
#.#.....♣.... #.###.
#...#####((..†.#.# . #....
.........#y@..# $. ####.
...####.##†...# .# #....
#.#####.##....# # #.###
#.##.....##...###.# +
#.##......#......♣...
#..#......##......... ####
#........†.##........ ##..##
#.##.......####.....?##.....
#.####.##..........########..#.#.


You could see a hornet.

Vanquished Creatures
  Grinder (D:4)
  A black bear (D:4)
  A necrophage (D:3)
  2 ogres (D:4)
  A water moccasin skeleton (D:4)
  2 iguanas
  4 adders
  A gnoll (D:3)
  2 adder skeletons
  An adder zombie (D:3)
  6 worms
  5 dart slugs
  2 orcs (D:3)
  7 endoplasms
  8 giant cockroaches
  4 goblins
  7 hobgoblins
  5 jackals
  4 quokkas
  7 ball pythons
  7 bats
  A frilled lizard (D:1)
  A jackal zombie (D:3)
  5 kobolds
  A quokka zombie (D:3)
  4 rats
90 creatures vanquished.

Notes
Turn   | Place    | Note
-------+----------+-------------------------------------------
     0 | D:1      | eustatius the Demonspawn Wanderer began the quest for the
                  | Orb.
     0 | D:1      | eustatius set off with the following items: a +2 hunting
                  | sling, 20 sling bullets, a +0 mace, a +0 pair of gloves, a
                  | +0 robe
     0 | D:1      | Reached XP level 1. HP: 15/15 MP: 1/1
   340 | D:1      | Gained mutation: You have large cloven feet. [demonic
                  | ancestry]
   340 | D:1      | Reached XP level 2. HP: 13/21 MP: 2/2
   394 | D:1      | Reached skill level 5 in Slings
  1015 | D:2      | Reached XP level 3. HP: 26/26 MP: 3/3
  1571 | D:2      | Gained mutation: You are partially covered in sharp spines.
                  | [demonic ancestry]
  1571 | D:2      | Reached XP level 4. HP: 29/32 MP: 4/4
  1653 | D:2      | Found a faded altar of an unknown god.
  1728 | D:2      | Prayed at the altar of an unknown god.
  1728 | D:2      | Became a worshipper of Uskayaw the Reveller
  1728 | D:2      | Reached * piety under Uskayaw
  2338 | D:3      | Found a basalt altar of Yredelemnul.
  2393 | D:3      | Reached ** piety under Uskayaw
  2524 | D:3      | Noticed a necrophage
  2538 | D:3      | Reached *** piety under Uskayaw
  2543 | D:3      | Killed a necrophage
  2544 | D:3      | Reached skill level 6 in Slings
  2544 | D:3      | Reached XP level 5. HP: 33/37 MP: 1/5
  3214 | D:4      | Noticed an ogre
  3222 | D:4      | Killed an ogre
  3223 | D:4      | Reached skill level 7 in Slings
  3223 | D:4      | Gained mutation: You have hoof-like feet. [demonic
                  | ancestry]
  3223 | D:4      | Reached XP level 6. HP: 43/43 MP: 2/6
  3242 | D:4      | Found a staircase to the Ecumenical Temple.
  3372 | D:4      | Noticed Grinder
  3413 | D:4      | Paralysed by Grinder for 2 turns
  3416 | D:4      | Killed Grinder
  3417 | D:4      | Reached XP level 7. HP: 21/48 MP: 1/7
  3599 | D:4      | Found a sacrificial altar of Ru.
  3616 | D:4      | Fell from the grace of Uskayaw
  3616 | D:4      | Became a worshipper of Ru the Awakened
  3628 | D:4      | Found a burning altar of Makhleb.
  3685 | D:4      | Reached skill level 1 in Stealth
  3735 | D:4      | Reached skill level 8 in Slings
  3882 | D:4      | Noticed a hornet
  3887 | D:4      | Mangled by a hornet

Illustrated notes

Levels and vault maps discovered:
D:1:      minmay_arrival_four_loops, layout_basic, minmay_misc_feat_x
D:2:      layout_loops_corners, shapermc_ecumenical_altar_starsandcircs,
          minmay_strange_pillars, grunt_ministairs_9, minivault_14, st_stairs_10
D:3:      layout_loops_cross, nicolae_yredelemnul_corpse_copse,
          minmay_randomly_rotated_circles
D:4:      layout_loops_ring, nicolae_ru_awakened_eye, kennysheep_mini,
          minmay_temple_entry_sparse_star, kennysheep_potato, uniq_grinder

Skill      XL: |  1  2  3  4  5  6  7 |
---------------+----------------------+-----
Slings         | 5 6 7 8 |  8.3
Dodging        | 2 3 |  3.7
Stealth        | 1 |  1.1
Fighting       | |  1.0
Maces & Flails | |  1.7

Action                   |  1- 3 |  4- 6 |  7- 9 || total
-------------------------+-------+-------+-------++-------
 Fire: Hunting sling     |    98 |   131 |    50 ||   279
Invok: Stomp             |       |     7 |       ||     7
       Line Pass         |       |     1 |       ||     1
Armor: Robe              |    11 |     6 |     6 ||    23
Dodge: Dodged            |    43 |    38 |    16 ||    97

Table legend: (Time is in decaauts)
 A = Elapsed time spent in this place.
 B = Non-inter-level travel time spent in this place.
 C = Inter-level travel time spent in this place.
 D = Time resting spent in this place.
 E = Time spent auto-exploring this place.
 F = Levels seen in this place.
 G = Mean time per level.
                   A        B        C        D        E       F      G
               +--------+--------+--------+--------+--------+-----+--------+
         Total |   3881 |   3806 |     75 |     21 |   1491 |   4 |  970.2 |
       Dungeon |   3881 |   3806 |     75 |     21 |   1491 |   4 |  970.2 |
               +--------+--------+--------+--------+--------+-----+--------+

Top non-repeatable levels by time:
     D:2: 1274 daAuts
     D:3: 1074 daAuts
     D:1: 927 daAuts
     D:4: 605 daAuts
